 Dungeon Crawl Stone Soup version 0.23.2-1-ga50397a (webtiles) character file.

Game seed: 3862138614011469518

341 MalarOregon the Grave Robber (level 6, -1/45 HPs)
             Began as a Ghoul Necromancer on May 26, 2019.
             Was an Initiate of Dithmenos.
             Slain by a crimson imp (4 damage)
             ... on level 4 of the Dungeon.
             The game lasted 00:10:27 (5029 turns).

MalarOregon the Grave Robber (Ghoul Necromancer)    Turns: 5029, Time: 00:10:27

Health: -1/45      AC:  2    Str: 12    XL:     6   Next: 56%
Magic:  10/10      EV: 12    Int: 12    God:    Dithmenos [......]
Gold:   168        SH:  0    Dex:  9    Spells: 4/11 levels left

rFire    . . .     SeeInvis .   t - +0 spear (venom)
rCold    + . .     Gourm    .   (no shield)
rNeg     + + +     Faith    .   a - +0 robe
rPois    ∞         Spirit   .   (no helmet)
rElec    .         Reflect  .   (no cloak)
rCorr    .         Harm     .   (no gloves)
MR       .....                  (no boots)
Stlth    +++.......             (no amulet)
HPRegen  0.00/turn              (no ring)
MPRegen  0.12/turn              (no ring)

@: rotting
A: rotting body, claws 1, carnivore, cold resistance 1, negative energy
resistance 3, inhibited regeneration, torment resistance, unbreathing
a: Renounce Religion


You were on level 4 of the Dungeon.
You worshipped Dithmenos.
Dithmenos was noncommittal.
You were not hungry.

You visited 2 branches of the dungeon, and saw 5 of its levels.

You collected 168 gold pieces.

Inventory:

Hand Weapons
 b - a +0 hunting sling
   (You found it on level 1 of the Dungeon)
 n - a +0 dagger of protection
   (You found it on level 2 of the Dungeon)
 t - a +0 spear of venom (weapon)
   (You took it off a gnoll on level 2 of the Dungeon)
 x - a cursed +0 dagger
   (You found it on level 4 of the Dungeon)
Missiles
 l - 50 stones (quivered)
Armour
 a - a +0 robe (worn)
 j - a +0 helmet
   (You found it on level 1 of the Dungeon)
 o - a +0 pair of gloves
   (You found it on level 2 of the Dungeon)
 q - a +0 large shield of protection
   (You found it on level 2 of the Dungeon)
 v - a +0 helmet
   (You took it off Robin on level 3 of the Dungeon)
Scrolls
 c - 3 scrolls of identify {unknown}
 g - 2 scrolls of immolation {unknown}
 h - 2 scrolls of remove curse {unknown}
 i - 2 scrolls of enchant armour {unknown}
 m - a scroll of teleportation {unknown}
 u - a scroll of fear {unknown}
 y - a scroll of amnesia {unknown}
 A - a scroll of magic mapping {unknown}
Potions
 d - 3 potions of ambrosia {unknown}
 f - 3 potions of cancellation {unknown}
 k - 2 potions of curing {unknown}
 r - 2 potions of mutation {unknown}
 s - a potion of degeneration {unknown}
 w - a potion of brilliance {unknown}
Comestibles
 e - 5 rations {!d}


   Skills:
 - Level 2.0 Dodging
 + Level 4.9 Stealth
 + Level 3.4 Spellcasting
 + Level 5.4 Necromancy


You had 4 spell levels left.
You knew the following spells:

 Your Spells              Type           Power        Failure   Level  Hunger
a - Pain                  Necr           ###.         2%          1    #......
e - Regeneration          Chrm/Necr      #.........   22%         3    ###....
q - Vampiric Draining     Necr           ###.......   8%          3    ###....

Your spell library contained the following spells:

 Spells                   Type           Power        Failure   Level  Hunger
 Animate Skeleton         Necr           N/A          2%          1    #......
 Animate Dead             Necr           N/A          26%         4    #####..


Dungeon Overview and Level Annotations

Branches:
Dungeon (4/15)             Temple (1/1) D:4

Altars:
Ashenzari
Cheibriados
Dithmenos
Elyvilon
Fedhas
Gozag
Hepliaklqana
Kikubaaqudgha
Makhleb
Nemelex Xobeh
Okawaru
Qazlal
Ru
Sif Muna
Trog
Uskayaw
Vehumet
Wu Jian
Xom
Yredelemnul
The Shining One


Innate Abilities, Weirdness & Mutations

Your body is rotting away.
You thrive on raw meat.
You are immune to poison.
You have sharp fingernails.
You are carnivorous and can eat meat at any time.
Your flesh is cold resistant. (rC+)
You are immune to negative energy. (rN+++)
You do not regenerate when monsters are visible.
You are immune to unholy pain and torment.
You can survive without breathing.


Message History

* * * LOW HITPOINT WARNING * * *
You closely miss the crimson imp.
The crimson imp shouts, "Begone, thou fawning miscreant swadder!"
The crimson imp barely misses you.
You closely miss the crimson imp. The crimson imp hits you.
* * * LOW HITPOINT WARNING * * *
You miss the crimson imp. The crimson imp hits you.
* * * LOW HITPOINT WARNING * * *
The crimson imp hits you.
* * * LOW HITPOINT WARNING * * *
Okay, then.
You hit the crimson imp. The crimson imp closely misses you.
You hit the crimson imp but do no damage.
The crimson imp hits you but does no damage.
You miss the crimson imp.
The crimson imp hits you but does no damage.
You hit the crimson imp.
The crimson imp hits you but does no damage.
You closely miss the crimson imp. The crimson imp hits you.
* * * LOW HITPOINT WARNING * * *
You hit the crimson imp.
The crimson imp summons a swarm of flies.
The crimson imp blinks!
Things that are here:
7 stones; a leopard gecko corpse You see here 27 stones.
You hit the crimson imp. The crimson imp misses you.
You barely miss the crimson imp. The crimson imp hits you.
* * * LOW HITPOINT WARNING * * *
You hit the crimson imp but do no damage.
The crimson imp blinks!
Attack whom?
Aim: a crimson imp (lightly wounded)
You reach to attack!
You hit the crimson imp but do no damage.
You barely miss the crimson imp.
The crimson imp hits you but does no damage.
You barely miss the crimson imp. The crimson imp barely misses you.
You closely miss the crimson imp. The crimson imp barely misses you.
You hit the crimson imp. The crimson imp hits you.
* * * LOW HITPOINT WARNING * * *
You hit the crimson imp. The crimson imp barely misses you.
You hit the crimson imp but do no damage.
The crimson imp is poisoned.
The crimson imp misses you.
You barely miss the crimson imp. The crimson imp barely misses you.
You barely miss the crimson imp. The crimson imp hits you.
* * * LOW HITPOINT WARNING * * *
You hit the crimson imp but do no damage.
The crimson imp looks even sicker.
The crimson imp hits you.
You die...

#.#.# ....# ## #... #.
#..# #. .## #..# #.
.(..# #..# ##.
.(.(.(########..# ###..
#((5@(.....(# #...#
###########.# #....
##.## #.# #..#.
##.#####.#.###.#####(...
........###..........#.#
##.#####.#.###.#...#....
###.####.#.#...#.>
#.....##.....#....
##.....####.....#.#


You could see a crimson imp.

Vanquished Creatures
  An iguana (D:4)
  An orc wizard (D:4)
  A worker ant (D:4)
  Robin (D:3)
  8 gnolls
  6 adders
  An ooze (D:3)
  An adder zombie (D:3)
  A worm (D:1)
  4 dart slugs
  3 leopard geckos
  8 orcs
  3 giant cockroaches
  14 goblins
  8 hobgoblins
  2 jackals (D:4)
  9 kobolds
  4 quokkas
  A ball python (D:2)
  5 bats
  4 frilled lizards
  12 rats
98 creatures vanquished.

Notes
Turn   | Place    | Note
-------+----------+-------------------------------------------
     0 | D:1      | MalarOregon the Ghoul Necromancer began the quest for the
                  | Orb.
     0 | D:1      | Reached XP level 1. HP: 14/14 MP: 2/2
   246 | D:1      | Reached XP level 2. HP: 12/20 MP: 0/3
   798 | D:1      | Reached XP level 3. HP: 19/26 MP: 0/5
  1951 | D:2      | Reached XP level 4. HP: 28/33 MP: 0/6
  2582 | D:3      | Reached XP level 5. HP: 38/38 MP: 8/8
  3024 | D:3      | Noticed Robin
  3364 | D:3      | Killed Robin
  3364 | D:3      | Reached skill level 5 in Necromancy
  3649 | D:3      | Learned a level 3 spell: Vampiric Draining
  3653 | D:3      | Learned a level 3 spell: Regeneration
  3893 | D:4      | Reached XP level 6. HP: 40/45 MP: 6/9
  4027 | D:4      | Found a staircase to the Ecumenical Temple.
  4068 | Temple   | Entered the Ecumenical Temple
  4421 | Temple   | Became a worshipper of Dithmenos the Shadowed
  5029 | D:4      | Slain by a crimson imp

Skill      XL: |  1  2  3  4  5 |
---------------+----------------+-----
Dodging        | 2 |  2.0
Spellcasting   | 2 3 |  3.4
Stealth        | 3 4 |  4.9
Necromancy     | 5 |  5.4

Action                   |  1- 3 |  4- 6 || total
-------------------------+-------+-------++-------
Melee: Unarmed           |    23 |       ||    23
       Spear             |       |    23 ||    23
 Fire: Hunting sling     |    83 |   284 ||   367
 Cast: Pain              |    25 |    40 ||    65
       Vampiric Draining |       |     8 ||     8
       Regeneration      |       |     2 ||     2
  Eat: Chunk             |     6 |    12 ||    18
Armor: Robe              |     9 |    25 ||    34
Dodge: Dodged            |    43 |   149 ||   192
